 Dungeon Crawl Stone Soup version 0.29.1-12-g30fa7ad0bf (webtiles) character file.

Game seed: 10782513382029660187

77 wormed the Insei (level 4, -1/28 HPs)
             Began as an Octopode Transmuter on Dec 28, 2022.
             Slain by an orc
             ... wielding a +1 dagger of distortion
              (12 damage)
             ... on level 3 of the Dungeon.
             The game lasted 00:03:38 (2007 turns).

wormed the Insei (Octopode Transmuter)              Turns: 2007, Time: 00:03:39

Health: -1/28      AC:  1    Str:  9    XL:     4   Next: 33%
Magic:  8/8        EV: 13    Int: 17    God:
Gold:   51         SH:  0    Dex: 12    Spells: 8/9 levels left

rFire   . . .      SeeInvis .     - Unarmed
rCold   . . .      Faith    .   (no shield)
rNeg    . . .      Spirit   .   (helmet restricted)
rPois   .          Reflect  .   (no amulet)
rElec   .          Harm     .   (no ring)
rCorr   .          Rampage  .   (no ring)
Will    .....                   (no ring)
Stlth   ++........              (no ring)
HPRegen 0.09/turn               (no ring)
MPRegen 0.11/turn               (no ring)
                                (no ring)
                                (no ring)

@: no status effects
A: almost no armour, amphibious, 8 rings, camouflage 1, gelatinous body 1,
(nimble swimmer 1), tentacles
a: no special abilities


You were on level 3 of the Dungeon.
You visited 1 branch of the dungeon, and saw 4 of its levels.

You collected 51 gold pieces.

Inventory:

Wands
 h - a wand of paralysis (10)
Scrolls
 e - a scroll of enchant armour {unknown}
 f - 2 scrolls of identify {unknown}
 g - a scroll of butterflies {unknown}
 i - a scroll of immolation {unknown}
Potions
 a - a potion of lignification
 b - 2 potions of curing {unknown}
 c - a potion of resistance {unknown}
 d - a potion of mutation {unknown}


   Skills:
 - Level 1.0 Fighting
 - Level 2.0 Dodging
 + Level 4.1 Unarmed Combat
 + Level 3.2 Spellcasting
 - Level 2.0 Transmutations


You had 8 spell levels left.
You knew the following spells:

 Your Spells              Type           Power      Damage    Failure   Level
a - Beastly Appendage     Tmut           18%        N/A       8%          1

Your spell library contained the following spells:

 Spells                   Type           Power      Damage    Failure   Level
 Wereblood                Tmut           9%         N/A       12%         2
 Blink                    Tloc           4%         N/A       26%         2
 Spider Form              Tmut/Pois      6%         N/A       34%         3
 Lesser Beckoning         Tloc           2%         N/A       45%         3
 Ice Form                 Ice/Tmut       6%         N/A       75%         4
 Manifold Assault         Tloc           2%         N/A       99%         5


Dungeon Overview and Level Annotations

Branches:
Dungeon (4/15)
 Temple: D:4-7

Altars:

Shops:
D:2 (


Innate Abilities, Weirdness & Mutations

You cannot wear most types of armour.
You are amphibious.
You can wear up to eight rings at the same time.
Your skin changes colour to match your surroundings (Stealth+).
Your rubbery body absorbs attacks. (AC +1, EV +1)
((You are camouflaged when in or above water. (Stealth+)))
You have tentacles for arms and can constrict up to eight enemies at once.


Message History

The kobold is moderately wounded.
You constrict the kobold, but do no damage.
The kobold barely misses you.
An orc comes into view.
It is wielding a +1 dagger of distortion.
You tentacle-slap the kobold but do no damage.
Your squeeze misses the kobold.
The kobold is moderately wounded.
You constrict the kobold.
You kill the kobold!
An orc wizard comes into view. It is wielding a +0 dagger.
Things that are here:
a +0 short sword; a kobold corpse The frilled lizard unfolds its giant frill.
The frilled lizard bites you.
You tentacle-slap the frilled lizard.
You kill the frilled lizard!
You barely miss the orc. Your grab misses the orc. The orc barely misses you.
Your magical contamination has completely faded away.
You barely miss the orc. You grab the orc.
You squeeze the orc, but do no damage. You constrict the orc.
The orc closely misses you.
You tentacle-slap the orc.
The orc is severely wounded.
You constrict the orc. The orc misses you.
The orc hits you with a +1 dagger of distortion.
You tentacle-slap the orc.
You kill the orc!
The orc closely misses you.
The orc wizard gestures wildly while chanting.
The orc wizard flickers and vanishes!
Deactivating autopickup; reactivate with Ctrl-A.
You closely miss the orc. You grab the orc. You constrict the orc.
The orc hits you with a +1 dagger of distortion.
Space warps horribly around you!
You tentacle-slap the orc.
The orc is heavily wounded.
You constrict the orc.
The orc hits you with a +1 dagger of distortion.
Space warps horribly around you!
You die...

###
#############....
#.....#.....#....
...$.............
..?..............
.................
........)>:......
.......@).....#..
........o{......#
..............###
..!.............
............#..##
#.....#.#####....
#...#.#.# ...
##.##.#.#


You could see an orc.

Vanquished Creatures
  An adder (D:4)
  3 worms (D:2)
  2 dart slugs (D:1)
  An orc (D:3)
  8 ball pythons
  3 bats (D:2)
  3 endoplasms
  3 giant cockroaches (D:1)
  6 goblins
  3 hobgoblins
  4 jackals (D:4)
  4 frilled lizards
  5 kobolds
  4 rats
50 creatures vanquished.

Notes
Turn   | Place    | Note
-------+----------+-------------------------------------------
     0 | D:1      | wormed the Octopode Transmuter began the quest for the Orb.
     0 | D:1      | Reached XP level 1. HP: 13/13 MP: 3/3
    93 | D:1      | Reached XP level 2. HP: 14/18 MP: 5/5
   806 | D:1      | Reached XP level 3. HP: 22/23 MP: 4/6
  1439 | D:2      | Found Uzek's Antique Weapon Shop.
  1764 | D:2      | You fall into a shaft and drop 2 floors!
  1800 | D:4      | Reached XP level 4. HP: 27/28 MP: 6/8
  1855 | D:4      | Noticed a necrophage
  1864 | D:4      | Reached skill level 4 in Unarmed Combat
  2007 | D:3      | Slain by an orc

Illustrated notes

Levels and vault maps discovered:
D:1:      psy_arrival_wood_between_worlds, layout_loops_ring
D:2:      layout_rooms, dreamdust_ecumenical_altar_grove, serial_shops,
          shop_fountains
D:3:      layout_rooms, gup_sewer_entry_bowl, grunt_decor_clamped,
          minmay_quadrilaterals
D:4:      layout_basic, temple_hall

Skill      XL: |  1  2  3  4 |
---------------+-------------+-----
Spellcasting   | 3 |  3.2
Unarmed Combat | 4 |  4.1
Fighting       | |  1.0
Dodging        | |  2.0
Transmutations | |  2.0

Action                   |  1- 3 |  4- 6 || total
-------------------------+-------+-------++-------
Melee: Unarmed           |    81 |    20 ||   101
       Tentacles         |    15 |     3 ||    18
       Constrict         |    21 |     6 ||    27
       Kick              |    17 |     2 ||    19
       Punch             |     3 |       ||     3
 Cast: Beastly Appendage |    18 |     3 ||    21
 Stab: Sleeping          |     4 |       ||     4
Armor: Skin              |     5 |       ||     5
Dodge: Dodged            |    60 |    14 ||    74
